Unix NetHack Version 3.7.0-78 Work-in-progress - last build Mar 9 2023 01:51:46 (e1b806644f7dc75fed06536c1d2466fecd9570d3,branch:master). Game began 2023-03-20 08:51:18, ended 2023-03-28 18:26:20. cathartes, chaotic female human Rogue ----- A A A...| ---------.B-- --- |.ayw...|a@a-- -.... @|..wyA..|a..4---...... |..y@ay..a.@..-........ |ayw@Aa.|aaa.---...%.... |..ay...|a..-- -....... ---------..-- ---)--- ...| ---...------ ----- .....[.......| |............")-- |...............- |....)........... |................ ---------------- Cathartes the Burglar St:18/33 Dx:20 Co:18 In:13 Wi:18 Ch:14 Chaotic Astral Plane $:0 HP:180(211) Pw:136(137) AC:-44 Exp:20 T:45909 Latest messages: The Angel of Issek hits the purple worm. The Angel of Issek hits the purple worm. The purple worm bites the giant ant. The purple worm swallows the giant ant. "Burrrrp!" The giant ant is killed! What do you want to use or apply? [efhjkqrtvwyABFMPW or ?*] w You produce a strange whistling sound. Many creatures shift locations. The purple worm bites the giant ant. The purple worm swallows the giant ant. "Burrrrp!" The giant ant is killed! The Angel of Issek swings his long sword. The Angel of Issek hits! The Angel of Issek swings his long sword. The Angel of Issek hits! The Angel of Issek hits! The Angel of Issek casts a spell at you! You are hit by a shower of missiles! The missiles bounce off! What do you want to use or apply? [efhjkqrtvwyABFMPW or ?*] w You produce a strange whistling sound. Many creatures shift locations. You feel a bit steadier now. What do you want to use or apply? [efhjkqrtvwyABFMPW or ?*] w You produce a strange whistling sound. Many creatures shift locations. The Angel of Issek swings his long sword. The Angel of Issek misses! The Angel of Issek swings his long sword. The Angel of Issek just misses! The Angel of Issek misses! The Angel of Issek casts a spell at you! You are hit by a shower of missiles! The missiles bounce off! The priestess of Issek casts a spell! The priestess of Issek summons insects! What do you want to sacrifice? [Y or ?*] Y You offer the Amulet of Yendor to Kos... An invisible choir sings, and you are bathed in radiance... The voice of Kos rings out: "Mortal, thou hast done well!" "In return for thy service, I grant thee the gift of Immortality!" You ascend to the status of Demigoddess... Do you want your possessions identified? [ynq] (y) y Do you want to see your attributes? [ynq] (y) y Do you want an account of creatures vanquished? [ynaq] (y) y Do you want a list of extinct species? [ynq] (y) y Do you want to see your conduct and achievements? [ynq] (y) y Do you want to see the dungeon overview? [ynq] (y) y Inventory: Scrolls E - a cursed scroll of create monster Wands W - an uncursed wand of death (0:8) M - an uncursed wand of death (0:3) P - an uncursed wand of digging (0:0) F - an uncursed wand of teleportation (0:3) t - an uncursed wand of teleportation (0:0) Tools B - a blessed bag of holding containing 113 items y - an uncursed sack named CANCELLATION containing 4 items q - an uncursed bugle f - the uncursed Bell of Opening (0:2) v - an uncursed blindfold e - the uncursed Candelabrum of Invocation (0 of 7 candles attached) r - an uncursed magic lamp (lit) j - an uncursed magic marker (1:21) w - an uncursed magic whistle k - the blessed Master Key of Thievery h - a blessed +0 unicorn horn Rings n - an uncursed ring of free action (on left hand) Gems/Stones G - a blessed luckstone Weapons d - 23 blessed +6 darts named +6 a - the blessed rustproof +7 Stormbringer (weapon in hand) Armor i - a blessed fireproof +2 elven leather helm (being worn) K - an uncursed fireproof +5 pair of gauntlets of dexterity (being worn) N - an uncursed fireproof +3 pair of low boots (being worn) U - an uncursed +3 shield of reflection (being worn) H - an uncursed fireproof +4 robe (being worn) l - an uncursed +4 Hawaiian shirt with a tropical fish motif (being worn) Z - an uncursed +5 gray dragon scale mail (being worn) Amulets D - an uncursed amulet of ESP (being worn) Spellbooks A - the uncursed Book of the Dead Contents of the sack named CANCELLATION: an uncursed scroll of scare monster an uncursed wand of cancellation named -2 (0:2) an uncursed wand of cancellation named empty (0:0) an uncursed wand of cancellation named empty (0:0) Contents of the bag of holding: 12 uncursed bowls of scubbo an uncursed banana an uncursed clove of garlic 3 uncursed cram rations an uncursed K-ration 12 uncursed kelp fronds 7 uncursed lembas wafers 4 uncursed eggs an uncursed partly eaten lizard corpse 5 uncursed lizard corpses 4 blessed scrolls of blank paper named b 10 uncursed scrolls of blank paper 5 uncursed scrolls of blank paper a cursed scroll of blank paper named c an uncursed scroll of destroy armor 2 uncursed scrolls of earth a blessed scroll of enchant armor an uncursed scroll of enchant armor 2 uncursed scrolls of enchant weapon 3 uncursed scrolls of fire a blessed scroll of identify an uncursed scroll of identify 9 uncursed scrolls of identify 2 uncursed scrolls of light 2 uncursed scrolls of remove curse an uncursed scroll of scare monster a cursed scroll of scare monster 2 cursed scrolls of teleportation 3 blessed potions of full healing 3 uncursed potions of full healing a blessed potion of monster detection 4 uncursed potions of paralysis 2 blessed potions of restore ability 2 uncursed potions of sickness 5 potions of holy water named b 3 uncursed potions of water 4 potions of unholy water named c an uncursed wand of cold (0:8) an uncursed wand of cold named -1 (0:5) an uncursed wand of create monster (0:15) an uncursed wand of create monster (0:0) an uncursed wand of death (0:0) an uncursed wand of digging (0:8) an uncursed wand of digging (0:7) an uncursed wand of digging (0:7) an uncursed wand of digging (0:6) an uncursed wand of digging (0:6) an uncursed wand of digging (0:6) an uncursed wand of digging (0:5) an uncursed wand of digging (0:5) an uncursed wand of digging (0:4) an uncursed wand of digging (0:0) an uncursed wand of enlightenment (0:9) an uncursed wand of fire (0:7) an uncursed wand of light (0:11) an uncursed wand of light (0:10) an uncursed wand of locking (0:7) an uncursed wand of magic missile (0:4) a blessed wand of secret door detection (0:9) an uncursed wand of slow monster (0:8) an uncursed wand of slow monster (0:3) an uncursed wand of speed monster named -2 (0:4) an uncursed wand of speed monster (0:3) an uncursed wand of striking (0:7) an uncursed wand of teleportation (0:6) an uncursed wand of teleportation named -2 (0:4) an uncursed wand of teleportation (0:0) an uncursed wand of undead turning (0:7) an uncursed wand of wishing (1:3) an uncursed can of grease (0:6) an uncursed expensive camera (0:61) an uncursed magic marker (0:78) an uncursed magic marker (0:48) an uncursed magic marker (1:2) an uncursed tin opener an uncursed +0 unicorn horn an uncursed ring of conflict an uncursed -1 ring of increase damage a cursed -2 ring of increase damage an uncursed ring of levitation an uncursed ring of shock resistance an uncursed ring of slow digestion an uncursed ring of teleport control an uncursed ring of teleportation 12 uncursed agate stones 4 uncursed amber stones 7 uncursed amethyst stones 6 uncursed aquamarine stones 2 uncursed black opals 6 uncursed chrysoberyl stones an uncursed citrine stone 5 uncursed diamonds 10 uncursed emeralds 6 uncursed fluorite stones 2 uncursed garnet stones 3 uncursed jacinth stones an uncursed jet stone 7 uncursed obsidian stones 5 uncursed opals 5 uncursed rubies 4 uncursed sapphires 7 uncursed turquoise stones a blessed +6 dart named +6 199 blessed poisoned +6 darts named +6 the uncursed +2 Grimtooth an uncursed +0 bullwhip an uncursed +0 pair of water walking boots an uncursed amulet of flying an uncursed amulet of life saving an uncursed amulet of life saving an uncursed amulet of magical breathing an uncursed amulet of reflection a cursed amulet of reflection Cathartes the Rogue's attributes: Background: You were a Burglar, a level 20 female human Rogue. You were chaotic, on a mission for Kos who was opposed by Issek (lawful) and Mog (neutral). You were in the endgame, on the Astral Plane. You entered the dungeon 45909 turns ago. You had 9455901 experience points, 544099 more were needed for level 21. Basics: You had 180 out of 211 hit points. You had 136 out of 137 energy points (spell power). Your armor class was -44. Your wallet was empty. Autopickup was on for '*_' plus thrown, with exceptions. Final Characteristics: Your strength was 18/33 (peak:18/34, limit:18/100). Your dexterity was 20 (base:15, peak:18, innate limit:18). Your constitution was 18 (limit:18). Your intelligence was 13 (limit:18). Your wisdom was 18 (limit:18). Your charisma was 14 (limit:18). Final Status: You were not hungry. You were unencumbered. You were wielding a broadsword. You were skilled in broadsword. Final Attributes: You were the Glory of Arioch. You were piously aligned. You were magic-protected. You were fire resistant. You were cold resistant. You were sleep resistant. You were shock resistant. You were poison resistant. You were level-drain resistant. You saw invisible. You were telepathic. You were warned. You had automatic searching. You were clairvoyant. You were stealthy. You had teleport control. You had a large defense bonus (+12). You were guarded. You took half physical damage. You were very fast. You had reflection. You had free action. You were extremely lucky. You had extra luck. Good luck did not time out for you. You survived. Miscellaneous: You disabled loading of bones levels. Total elapsed playing time was 16 hours, 2 minutes and 42 seconds. Major events: Turn 1: cathartes the chaotic female human Rogue entered the dungeon 615: entered the Gnomish Mines 1375: attained the rank of Cutpurse (level 3) 2279: attained the rank of Rogue (level 6) 7177: entered the Bigroom 8402: was bestowed with Stormbringer by Kos 8770: acquired the Mines' End luckstone 15916: attained the rank of Pilferer (level 10) 15988: was bestowed with Orcrist by Kos 16325: was chosen to take lives for the Glory of Kos 17608: found Grimtooth on the floor 17624: entered Sokoban 17907: completed 1st Sokoban level 18611: completed 2nd Sokoban level 19040: completed 3rd Sokoban level 20259: completed 4th Sokoban level 20497: acquired the Sokoban bag of holding 26883: killed Medusa 27797: made her first wish - "3 cursed scrolls of genocide", got "a scroll labeled GNIK SISI VLE" 28296: wished for "marker", got "a magic marker" 28297: wished for "marker", got "a magic marker" 31498: attained the rank of Robber (level 14) 31599: killed Croesus 34397: killed the Master Assassin 34397: found the Master Key of Thievery carried by a monster 34399: acquired the Bell of Opening 35655: entered Gehennom 36810: killed the invisible Asmodeus 37709: killed Baalzebub 37777: killed Juiblex 38119: attained the rank of Burglar (level 18) 38501: acquired the Candelabrum of Invocation 39454: killed Orcus 41242: killed Yeenoghu 42546: killed the invisible Wizard of Yendor 42549: acquired the Book of the Dead 42718: performed the invocation 42734: killed the invisible Wizard of Yendor (2nd time) 42873: killed the Wizard of Yendor (3rd time) 43205: killed the high priestess of Moloch 43248: acquired The Amulet of Yendor 43762: killed the invisible Wizard of Yendor (5th time) 45373: entered the Elemental Planes 45373: entered Plane of Earth 45461: entered Plane of Air 45506: destroyed Big Bad Vlad 45607: entered Plane of Fire 45685: entered Plane of Water 45729: killed the Wizard of Yendor (10th time) 45851: entered the Astral Plane 45879: killed Death 45909: ascended Vanquished creatures: Asmodeus Baalzebub Orcus Yeenoghu Juiblex the Wizard of Yendor (10 times) Death Vlad the Impaler 2 arch-liches a high cleric a mastodon Medusa Croesus 4 krakens 2 iron golems 5 master liches 4 storm giants 3 balrogs 5 purple worms 5 gray dragons 2 gold dragons a silver dragon 6 red dragons 3 white dragons 2 orange dragons 6 black dragons a blue dragon a green dragon 3 yellow dragons 26 minotaurs 8 jabberwocks the Master Assassin 6 baluchitheria 6 Angels 4 demiliches 3 stone golems 3 master mind flayers 6 Olog-hai a Nazgul 3 pit fiends 4 sandestins a hell hound a displacer beast 4 titanotheres a baby gray dragon 15 guardian nagas 4 genetic engineers 5 disenchanters 24 vampire leaders 4 skeletons a shopkeeper 15 aligned clerics 5 captains 5 shades 9 liches a clay golem 5 nurses 5 ice devils a nalfeshnee a lurker above 4 Aleaxes 2 frost giants 3 ettins a golden naga 15 black puddings 29 vampires 13 lieutenants a watch captain 31 ghosts a cave dweller a queen bee 5 winged gargoyles a mind flayer 8 giant mimics 4 long worms 9 zruties 6 fire giants 10 ogre tyrants 12 rock trolls 7 umber hulks 2 flesh golems 6 elven monarchs 4 doppelgangers 10 hezrous 10 bone devils 11 large mimics 7 fire vortices 6 couatls 10 stalkers 14 air elementals 4 fire elementals 6 earth elementals 9 water elementals 6 hill giants 4 giant mummies 3 black nagas 9 xorns 11 giant zombies 3 elf-nobles 28 sergeants a water demon 7 barbed devils 7 vrocks 4 salamanders 4 wargs 2 winter wolves 2 hell hound pups 31 small mimics 3 glass piercers 6 warhorses 11 steam vortices 12 xans 2 ettin mummies 5 ogre leaders 7 quantum mechanics 12 trolls a wood golem 2 erinyes 6 mariliths a djinni 6 sharks 3 electric eels 5 gelatinous cubes 4 pyrolisks 3 large dogs 4 freezing spheres 9 flaming spheres 8 shocking spheres a large cat 6 tigers 8 gargoyles 7 tengu 7 ochre jellies 7 leocrottas 8 energy vortices 3 mountain centaurs 3 stone giants 8 elf mummies 6 human mummies 4 red nagas 2 pythons 4 pit vipers 2 cobras 50 wraiths 4 carnivorous apes 18 ettin zombies 3 leather golems 5 Grey-elves 99 soldiers 4 watchmen 9 amorous demons 10 horned devils 17 chameleons 2 crocodiles 23 giant beetles 7 quivering blobs 23 cockatrices 23 wolves 8 winter wolf cubs 3 lynxes 2 panthers 7 gremlins 3 spotted jellies 38 leprechauns 3 orc-captains 4 iron piercers 2 mumakil 9 giant spiders 4 scorpions 10 horses 3 ice vortices 7 black lights 12 vampire bats 6 forest centaurs 9 gnome rulers an orc mummy 5 dwarf mummies 6 ogres a brown pudding 10 rust monsters 15 owlbears 7 yetis 7 gold golems 6 werewolves 6 Green-elves 2 piranha 14 giant eels 15 lizards 10 chickatrices a dingo 6 dogs a housecat 7 jaguars 2 dwarf leaders a blue jelly 7 white unicorns 3 gray unicorns 10 dust vortices 22 ravens 6 plains centaurs 4 gnome mummies 7 snakes 14 apes 19 human zombies 5 rope golems a Woodland-elf 27 soldier ants 8 fire ants 29 bugbears 3 imps 3 lemures 4 quasits 4 wood nymphs 19 water nymphs 2 mountain nymphs 13 Mordor orcs 11 Uruk-hai 3 orc shamans 10 rock piercers 4 rock moles a woodchuck 5 ponies 11 fog clouds 9 yellow lights 6 violet fungi 12 gnome leaders 6 gnomish wizards 3 kobold mummies a guardian naga hatchling 5 gray oozes 2 barrow wights 18 elf zombies 20 ghouls 3 straw golems 2 paper golems 3 jellyfish 72 giant ants 2 little dogs 7 floating eyes 2 kittens 21 dwarves 5 homunculi 3 kobold leaders a kobold shaman 29 hill orcs 27 rothes a rabid rat 6 centipedes 6 giant bats 2 monkeys 15 orc zombies 15 dwarf zombies 5 wererats a werejackal 18 iguanas 29 killer bees 57 acid blobs 7 coyotes a gas spore 7 hobbits 7 manes 3 large kobolds 35 hobgoblins 6 giant rats a cave spider a brown mold 7 yellow molds 3 green molds a red mold 60 gnomes 7 garter snakes 19 gnome zombies 11 geckos 8 jackals 3 foxes 7 kobolds 9 goblins 9 sewer rats 2 grid bugs 6 bats 12 lichens 14 kobold zombies 14 newts 2303 creatures vanquished. Extinct species: soldiers (extinct) erinyes (extinct) 2 species extinct. Voluntary challenges: You read items or engraved 190 times. You engraved Elbereth 57 times. You never genocided any monsters. You never polymorphed an object. You never changed form. You used 3 wishes. You did not wish for any artifacts. You did not violate any of the special Sokoban rules. Achievements: You entered a shop. You entered the Gnomish Mines. You attained the rank of Cutpurse. You entered a temple. You attained the rank of Rogue. You entered the Big Room. You completed the Gnomish Mines. You attained the rank of Pilferer. You entered Sokoban. You completed Sokoban. You defeated Medusa. You learned the tune to open and close the Castle's drawbridge. You attained the rank of Robber. You had the Bell of Opening. You entered Gehennom. You attained the rank of Burglar. You had the Candelabrum of Invocation. You had the Book of the Dead. You gained access to Moloch's Sanctum. You reached the Elemental Planes. You reached the Astral Plane. You delivered the Amulet of Yendor. You ascended! The Elemental Planes: Astral Plane: <- You are here. A temple to Kos. Plane of Water: Plane of Fire: Plane of Air: Plane of Earth: The Dungeons of Doom: levels 1 to 25 Level 1: One way stairs up to The Elemental Planes. Level 2: A potion shop. Level 3: A fountain. Stairs down to The Gnomish Mines. Level 4: A fountain. Level 5: "vault" Level 6: A sink. Level 7: "vault" An untended shop, some fountains, a sink. Level 8: A fountain. Level 9: Many fountains. Level 10: A very big room. Stairs up to Sokoban, level 9. Level 11: A fountain. Level 12: Level 13: A fountain. Level 14: A general store, a fountain. Level 15: A throne. Portal to The Quest. Level 16: A primitive area. Level 17: A sink. Level 18: "vault" A temple, a fountain. Level 19: Level 20: "vault" A temple, a fountain. Portal to Fort Ludios. Level 21: Level 22: "vault" Level 23: Level 24: Many trees. Level 25: A throne, a fountain. The castle (play notes "DDFGD" to open or close drawbridge). Connection to Gehennom. Gehennom: levels 26 to 48 Level 26: A temple, many graves. Valley of the Dead. Level 27: "asmodeus" Level 28: Level 29: Level 30: Level 31: "baalzebub" Level 32: A fountain. Level 33: Level 34: Stairs up to Vlad's Tower, level 33. Level 35: Level 36: "wizard" Level 37: Level 38: Level 39: "orcus" Some shops, an altar, some graves. Level 40: Level 41: Level 42: Level 43: Level 44: "fake tower" Level 45: Level 46: "portal" Level 47: Level 48: A temple, many graves. Moloch's Sanctum. The Gnomish Mines: levels 4 to 12 Level 4: Level 5: Level 6: Many shops, a temple to Kos, some fountains. Level 7: Level 8: Level 9: Level 10: Level 11: Level 12: The Quest: levels 1 to 6 Level 1: Completed quest for the Master of Thieves. Level 2: Level 3: Level 4: Level 5: Level 6: Sokoban: levels 9 up to 6 Level 6: Solved. Level 7: Solved. Level 8: Solved. Level 9: Solved. Fort Ludios: Level 1: A throne. Fort Ludios. Vlad's Tower: levels 33 up to 31 Level 31: Level 32: Level 33: Goodbye cathartes the Demigoddess... You and the guardian Angel of Kos and the purple worm and the purple worm and the yellow light and the yellow light went to your reward with 2225712 points, Stormbringer (worth 8000 zorkmids and 20000 points) The Candelabrum of Invocation (worth 5000 zorkmids and 12500 points) The Bell of Opening (worth 5000 zorkmids and 12500 points) The Master Key of Thievery (worth 3500 zorkmids and 8750 points) The Book of the Dead (worth 10000 zorkmids and 25000 points) Grimtooth (worth 300 zorkmids and 750 points) 12 agate stones (worth 2400 zorkmids), 10 emeralds (worth 25000 zorkmids), 7 turquoise stones (worth 14000 zorkmids), 7 amethyst stones (worth 4200 zorkmids), 7 obsidian stones (worth 1400 zorkmids), 6 aquamarine stones (worth 9000 zorkmids), 6 chrysoberyl stones (worth 4200 zorkmids), 6 fluorite stones (worth 2400 zorkmids), 5 diamonds (worth 20000 zorkmids), 5 rubies (worth 17500 zorkmids), 5 opals (worth 4000 zorkmids), 4 sapphires (worth 12000 zorkmids), 4 amber stones (worth 4000 zorkmids), 3 jacinth stones (worth 9750 zorkmids), 2 black opals (worth 5000 zorkmids), 2 garnet stones (worth 1400 zorkmids), 1 citrine stone (worth 1500 zorkmids), 1 jet stone (worth 850 zorkmids), 2 amulets of life saving (worth 300 zorkmids), 2 amulets of reflection (worth 300 zorkmids), 1 amulet of ESP (worth 150 zorkmids), 1 amulet of magical breathing (worth 150 zorkmids), 1 amulet of flying (worth 150 zorkmids), and 0 pieces of gold, after 45909 moves. You were level 20 with a maximum of 211 hit points when you ascended.